 Dungeon Crawl Stone Soup version 0.22-a0-398-g8bb545f (webtiles) character file.

48 VajrapaniSR the Vandal (level 3, -3/24 HPs)
             Began as an Octopode Hunter on May 3, 2018.
             Killed from afar by Natasha (12 damage)
             ... with a wand of flame (32)
             ... on level 2 of the Dungeon on May 4, 2018.
             The game lasted 00:04:45 (726 turns).

VajrapaniSR the Vandal (Octopode Hunter)             Turns: 726, Time: 00:04:46

Health: -3/24      AC:  1    Str: 11    XL:     3   Next: 72%
Magic:  3/3        EV: 13    Int: 13    God:
Gold:   66         SH:  0    Dex: 13    Spells: 2/2 levels left

rFire    . . .     SeeInvis .     - Unarmed
rCold    + . .     Gourm    .   (no shield)
rNeg     . . .     Faith    .   (helmet restricted)
rPois    +         Spirit   .   (no amulet)
rElec    .         Reflect  .   f - ring of protection from cold
rCorr    .         Harm     .   g - ring of poison resistance
MR       .....                  (no ring)
Stlth    ++........             (no ring)
HPRegen  0.08/turn              (no ring)
MPRegen  0.08/turn              (no ring)
                                (no ring)
                                (no ring)

@: confused
A: almost no armour, stealthy swim, amphibious, 8 rings, constrict 8, camouflage
1, gelatinous body 1
a: no special abilities


You were on level 2 of the Dungeon.
You were not hungry.

You visited 1 branch of the dungeon, and saw 2 of its levels.

You collected 66 gold pieces.

Inventory:

Hand Weapons
 a - a +1 hunting sling
Missiles
 c - 20 sling bullets
 e - 39 stones (quivered)
Jewellery
 f - a ring of protection from cold (left tentacle)
 g - a ring of poison resistance (right tentacle)
Scrolls
 b - a scroll of identify {unknown}
 k - a scroll of teleportation {unknown}
Potions
 i - a potion of berserk rage {unknown}
 j - a potion of heal wounds {unknown}
Comestibles
 d - 4 rations {@w1}


   Skills:
 - Level 2.0 Fighting
 - Level 4.0 Slings
 - Level 2.0 Dodging
 + Level 3.1 Stealth
 * Level 2.5 Unarmed Combat


You had 2 spell levels left.
You didn't know any spells.

Dungeon Overview and Level Annotations

Branches:
Dungeon (2/15)

Altars:
Qazlal
Zin

Annotations:
D:2 Natasha


Innate Abilities, Weirdness & Mutations

You cannot wear most types of armour.
You are very stealthy in the water. (Stealth+)
You are amphibious.
You can wear up to eight rings at the same time.
You can use your tentacles to constrict eight enemies at once.
Your skin changes colour to match your surroundings (Stealth+).
Your rubbery body absorbs attacks. (AC +1, EV +1)


Message History

You tentacle-slap Natasha but do no damage.
Your grab misses Natasha. Natasha barely misses you.
You closely miss Natasha. Your grab misses Natasha. Natasha claws you.
* * * LOW HITPOINT WARNING * * *
You closely miss Natasha. Your grab misses Natasha. Natasha closely misses you.
You barely miss Natasha. Your grab misses Natasha. Natasha closely misses you.
It was a potion of ambrosia.
You are confused.
You feel invigorated.
Natasha stares at you and mumbles some strange words.
The magic dart hits you!
* * * LOW HITPOINT WARNING * * *
You bump into the rock wall.
Natasha claws you.
* * * LOW HITPOINT WARNING * * *
You closely miss Natasha.
Natasha howls an incantation.
You feel troubled.
Natasha zaps a wand.
The puff of flame hits you!
Ouch! That really hurt!
You die...

#.......###..# ##.######
#..# #.# #... ##'## #...
##...## #... ##.....##
#.#. # ##.......# #...
#...####.†.......####...
......h@.........'......
#.#.####.........####...
##.......## ##..
##.....## ##. ##...## #.
#'## #. .# #. # #.


You could see Natasha.

Vanquished Creatures
  Natasha (D:2)
  An ooze (D:2)
  2 dart slugs
  A bat (D:1)
  A giant cockroach (D:2)
  4 jackals (D:2)
  2 frilled lizards
  3 goblins
  A kobold (D:1)
  A rat (D:1)
17 creatures vanquished.

Notes
Turn   | Place    | Note
-------+----------+-------------------------------------------
     0 | D:1      | VajrapaniSR the Octopode Hunter began the quest for the Orb.
     0 | D:1      | Reached XP level 1. HP: 14/14 MP: 1/1
     1 | D:1      | Upgraded the game from 0.22-a0-396-g3f858e3 to 0.22-a0-398-g8bb545f
   300 | D:1      | Reached skill level 1 in Unarmed Combat
   314 | D:1      | Reached XP level 2. HP: 13/19 MP: 2/2
   394 | D:2      | Noticed Natasha
   401 | D:2      | Killed Natasha
   401 | D:2      | Reached XP level 3. HP: 13/24 MP: 3/3
   643 | D:2      | Found a glowing silver altar of Zin.
   643 | D:2      | Found a stormy altar of Qazlal.
   715 | D:2      | Noticed Natasha
   726 | D:2      | Killed from afar by Natasha

Vault maps used:
D:1:      dpeg_cavernosity
D:2:      gammafunk_temple_overflow_wave, uniq_jessica, uniq_natasha,
          uniq_sigmund

Skill      XL: |  1  2  3 |
---------------+----------+-----
Unarmed Combat | 1 2 |  2.5
Stealth        | 2 3 |  3.1
Fighting       | |  2.0
Slings         | |  4.0
Dodging        | |  2.0

Action                   || total
-------------------------++-------
Melee: Unarmed           ||    69
       Constrict         ||    10
       Tentacles         ||     9
  Use: Potion            ||     1
 Stab: Sleeping          ||     6
Armor: Skin              ||     1
Dodge: Dodged            ||    39

Table legend:
 A = Spawn XP
 B = Non-spawn XP
 C = Spawn XP percentage of total XP
 D = Spawn monster count
 E = Non-spawn monster count
 F = Spawn count percentage of total count
 G = Total turns spent on level
                    A         B        C        D         E        F      G
               +---------+---------+-------+---------+---------+-------+---------
         Total |       0 |      69 |   0.0 |       0 |      17 |   0.0 |   726
               +---------+---------+-------+---------+---------+-------+---------
           D:1 |       0 |      10 |   0.0 |       0 |       6 |   0.0 |   349
           D:2 |       0 |      59 |   0.0 |       0 |      11 |   0.0 |   377
               +---------+---------+-------+---------+---------+-------+---------
